 Dungeon Crawl Stone Soup version 0.22-a0-441-gcf5b0c6 (webtiles) character file.

15972 nikopol the Thaumaturge (level 12, 0/60 HPs)
             Began as a Deep Elf Fire Elementalist on May 30, 2018.
             Was a Believer of Vehumet.
             Slain by a blink frog (6 damage)
             ... on level 3 of the Lair of Beasts.
             The game lasted 00:44:03 (13443 turns).

nikopol the Thaumaturge (DEFE)                     Turns: 13443, Time: 00:44:04

Health: 0/60       AC:  9    Str:  5    XL:     12   Next: 5%
Magic:  23/40      EV: 15    Int: 28    God:    Vehumet [**....]
Gold:   695        SH:  5    Dex: 15    Spells: 23/38 levels left

rFire    . . .     SeeInvis .   B - +1 dagger (venom)
rCold    . . .     Gourm    .   r - +0 buckler
rNeg     . . .     Faith    .   L - +0 robe (curse)
rPois    .         Spirit   .   H - +2 hat {MR+}
rElec    .         Reflect  .   (no cloak)
rCorr    .         Harm     .   z - +1 pair of gloves
MR       ++...                  o - +2 pair of boots
Stlth    +++.......             (no amulet)
HPRegen  0.20/turn              w - +2 ring of intelligence
MPRegen  0.27/turn              a - ring of magical power

@: no status effects
A: no striking features
a: Renounce Religion


You were on level 3 of the Lair of Beasts.
You worshipped Vehumet.
Vehumet was pleased with you.
You were not hungry.

You visited 3 branches of the dungeon, and saw 12 of its levels.
You also visited: Sewer.

You collected 695 gold pieces.

Inventory:

Hand Weapons
 B - a +1 dagger of venom (weapon)
Armour
 o - a +2 pair of boots (worn)
 r - a +0 buckler (worn)
 z - a +1 pair of gloves (worn)
 H - a +2 hat of magic resistance (worn)
 L - a cursed +0 robe (worn)
Jewellery
 a - a ring of magical power (right hand)
 w - a +2 ring of intelligence (left hand)
 E - a +2 ring of dexterity
Wands
 v - a wand of clouds (5)
 C - a wand of random effects (33)
 G - a wand of paralysis (13)
Scrolls
 i - a scroll of vulnerability {unknown}
 j - 2 scrolls of amnesia {unknown}
 l - 2 scrolls of enchant armour {unknown}
 n - 3 scrolls of teleportation
 p - 3 scrolls of enchant weapon
 q - 8 scrolls of remove curse
 u - 5 scrolls of magic mapping
 x - a scroll of noise {unknown}
 y - 4 scrolls of fog {unknown}
 F - 2 scrolls of holy word {unknown}
 I - 2 scrolls of blinking {unknown}
 J - 2 scrolls of silence {unknown}
Potions
 b - 5 potions of degeneration
 d - a potion of ambrosia
 f - 2 potions of invisibility
 g - a potion of lignification
 h - 9 potions of curing
 k - 7 potions of agility
 m - 2 potions of cancellation
 s - 2 potions of magic
 t - 3 potions of heal wounds
 A - 4 potions of flight
Comestibles
 c - 19 rations
 D - 4 chunks of flesh


   Skills:
 + Level 1.0 Fighting
 + Level 5.3 Dodging
 + Level 5.1 Stealth
 + Level 4.8 Shields
 + Level 13.7 Spellcasting
 + Level 11.2 Conjurations
 + Level 11.6 Fire Magic


You had 23 spell levels left.
You knew the following spells:

 Your Spells              Type           Power        Failure   Level  Hunger
a - Flame Tongue          Conj/Fire      #####        1%          1    None
b - Throw Flame           Conj/Fire      ######       1%          2    None
c - Conjure Flame         Conj/Fire      ######..     1%          3    None
d - Sticky Flame          Conj/Fire      ######..     1%          4    None
e - Fireball              Conj/Fire      ######....   1%          5    #......

Your spell library contained the following spells:

 Spells                   Type           Power        Failure   Level  Hunger
 Magic Dart               Conj           ####         1%          1    None
 Confuse                  Hex            ###.....     9%          3    None
 Iskenderun's Mystic Bla  Conj           ######..     1%          4    None
 Tukima's Dance           Hex            ###.....     9%          3    None
 Ensorcelled Hibernation  Hex/Ice        ###...       4%          2    None
 Corona                   Hex            ###....      2%          1    None
 Inner Flame              Hex/Fire       ######..     1%          3    None
 Fulminant Prism          Conj/Hex       ######....   2%          4    None
 Dazzling Spray           Conj/Hex       ######       1%          3    None
 Force Lance              Conj/Tloc      ######..     2%          4    None
 Searing Ray              Conj           ######       1%          2    None


Dungeon Overview and Level Annotations

Branches:
Dungeon (8/15)             Temple (1/1) D:6            Lair (3/6) D:8
  Swamp (0/4) Lair:2        Snake (0/4) Lair:2

Altars:
Ashenzari
Cheibriados
Dithmenos
Elyvilon
Fedhas
Gozag
Makhleb
Nemelex Xobeh
Okawaru
Qazlal
Ru
Trog
Uskayaw
Vehumet
Wu Jian
Xom
Yredelemnul
Zin
The Shining One

Shops:
D:4 *   D:7 :


Message History

Aiming: Sticky Flame (safe; 1% risk of failure)
Press: ? - help, Shift-Dir - straight line, f - blink frog, p - blink frog
Aim: a blink frog (moderately wounded)
The sticky flame hits the blink frog.
The blink frog is heavily wounded.
The blink frog is covered in liquid flames!
The blink frog burns! x2
You kill the blink frog!
Vehumet accepts your kill. The blink frog hits you!
* * * LOW HITPOINT WARNING * * *
Casting: Sticky Flame (safe; 1% risk of failure)
Confirm with . or Enter, or press ? or * to list all spells.
Aiming: Flame Tongue (safe; 1% risk of failure)
Press: ? - help, Shift-Dir - straight line, f/p - blink frog
Aim: a blink frog (heavily wounded, covered in liquid flames)
The flame tongue hits the blink frog.
The blink frog is severely wounded.
The blink frog burns!
The blink frog hits you.
You die...

P....##....# #...##...
#....#.....# #........
#...##.÷######....#... .
##...##..#####....)#.## #.
#....#...#.##.....##.##
.#..#......................
...........................
...........................
........†F@................
..........#.##..#..........
.............#..#..........
##.##.....#......#.......#.
.######.#......##.....##....#..P.
.#.......#......#................
..#......##....##.....#P.....P.<.
.##...................##....##...
.##.......#....#P.....##....#.#.P


You could see a blink frog (burning).

Vanquished Creatures
  Gastronok (Lair:2)
  3 death yaks (D:8)
  2 black mambas (Lair:2)
  4 spiny frogs
  A komodo dragon (Lair:2)
  3 rime drakes
  A tyrant leech (Lair:2)
  A polar bear (Lair:2)
  Grinder (D:6)
  12 blink frogs
  6 hippogriffs
  A wyvern (D:8)
  Grum (D:8)
  A basilisk (Lair:3)
  13 water moccasins
  3 porcupines
  Duvessa (D:7)
  2 sky beasts
  An orc warrior (D:7)
  2 ogres
  3 phantoms
  2 wolves (D:8)
  7 crocodiles
  10 bullfrogs
  A wyvern skeleton (D:7)
  Dowan (D:7)
  2 scorpions
  A water moccasin skeleton (D:8)
  4 killer bees (D:8)
  3 wights (D:6)
  A bullfrog zombie (D:6)
  3 hounds
  A jelly (D:8)
  2 orc priests
  6 orc wizards
  A bullfrog skeleton (D:5)
  An iguana (D:3)
  Ijyb (D:3)
  A hell rat (D:8)
  3 worker ants
  2 hound skeletons
  A mummy (D:7)
  2 worker ant zombies
  4 gnolls (D:8)
  13 adders
  A shadow imp (D:8)
  7 oozes
  An adder zombie (D:5)
  An adder skeleton (D:3)
  6 worms
  2 dart slugs
  4 leopard geckos
  14 orcs
  3 ball pythons
  7 giant cockroaches
  8 goblins
  5 hobgoblins
  9 jackals
  3 quokkas
  19 bats
  4 frilled lizards
  8 kobolds
  2 leopard gecko skeletons
  A quokka skeleton (D:5)
  A quokka zombie (D:7)
  7 rats
249 creatures vanquished.

Vanquished Creatures (others)
  3 fungi
  A plant (Lair:1)
4 creatures vanquished.

Grand Total: 253 creatures vanquished

Notes
Turn   | Place    | Note
-------+----------+-------------------------------------------
     0 | D:1      | nikopol the Deep Elf Fire Elementalist began the quest for the Orb.
     0 | D:1      | Reached XP level 1. HP: 10/10 MP: 6/6
   354 | D:1      | Reached XP level 2. HP: 15/15 MP: 2/8
  1038 | D:2      | Reached XP level 3. HP: 19/19 MP: 7/9
  1042 | D:2      | Learned a level 2 spell: Throw Flame
  1046 | D:2      | Learned a level 3 spell: Conjure Flame
  1483 | D:2      | Reached skill level 4 in Spellcasting
  1553 | D:2      | Reached XP level 4. HP: 24/24 MP: 9/12
  2057 | D:3      | Learned a level 4 spell: Sticky Flame
  2224 | D:3      | Reached XP level 5. HP: 28/28 MP: 7/13
  2345 | D:3      | Found a basalt altar of Yredelemnul.
  2351 | D:3      | Reached skill level 1 in Shields
  2429 | D:3      | Noticed Ijyb
  2431 | D:3      | Killed Ijyb
  3011 | D:4      | Found Meemm's Assorted Antiques.
  3082 | D:4      | Reached XP level 6. HP: 18/32 MP: 5/15
  3387 | D:4      | Reached skill level 5 in Spellcasting
  3656 | D:5      | Entered Level 5 of the Dungeon
  3790 | D:5      | Reached skill level 5 in Fire Magic
  3986 | D:5      | Found a glowing drain.
  3997 | Sewer    | Entered a sewer
  4569 | Sewer    | Reached XP level 7. HP: 36/36 MP: 15/17
  5096 | D:5      | Learned a level 5 spell: Fireball
  5709 | D:5      | Noticed a hippogriff
  5713 | D:5      | Killed a hippogriff
  5713 | D:5      | Reached skill level 6 in Spellcasting
  6386 | D:6      | Noticed Grinder
  6392 | D:6      | Killed Grinder
  6392 | D:6      | Reached skill level 7 in Spellcasting
  6392 | D:6      | Reached XP level 8. HP: 29/41 MP: 9/20
  6502 | D:6      | Reached skill level 5 in Conjurations
  6853 | D:6      | Found a staircase to the Ecumenical Temple.
  6864 | Temple   | Entered the Ecumenical Temple
  6925 | Temple   | Became a worshipper of Vehumet
  7319 | D:6      | Found an opulent altar of Gozag.
  7434 | D:7      | Found a glowing golden altar of the Shining One.
  7437 | D:7      | Found a blossoming altar of Fedhas.
  7453 | D:7      | Noticed a hippogriff
  7454 | D:7      | Reached skill level 8 in Spellcasting
  7459 | D:7      | Killed a hippogriff
  7461 | D:7      | Reached XP level 9. HP: 37/45 MP: 0/23
  7600 | D:7      | Found a white marble altar of Elyvilon.
  7631 | D:7      | Found a sacrificial altar of Ru.
  7676 | D:7      | Found a snail-covered altar of Cheibriados.
  7833 | D:7      | Found a bloodstained altar of Trog.
  8168 | D:7      | Found Jurchopua's Book Boutique.
  8170 | D:7      | Noticed Duvessa
  8178 | D:7      | Killed Duvessa
  8179 | D:7      | Noticed Dowan
  8182 | D:7      | Killed Dowan
  8570 | D:8      | Noticed Grum
  8583 | D:8      | Killed Grum
  8583 | D:8      | Reached skill level 9 in Spellcasting
  8805 | D:8      | Reached * piety under Vehumet
  8805 | D:8      | Offered knowledge of Shock by Vehumet.
  9038 | D:8      | Noticed a death yak
  9071 | D:8      | Killed a death yak
  9071 | D:8      | Reached skill level 10 in Spellcasting
  9071 | D:8      | Reached XP level 10. HP: 26/51 MP: 11/26
  9294 | D:8      | Noticed a death yak
  9318 | D:8      | Noticed a death yak
  9319 | D:8      | Killed a death yak
  9534 | D:8      | Found a staircase to the Lair.
  9709 | D:8      | Killed a death yak
  9709 | D:8      | Reached skill level 11 in Spellcasting
  9864 | Lair:1   | Entered Level 1 of the Lair of Beasts
 10039 | Lair:1   | Noticed a spiny frog
 10045 | Lair:1   | Killed a spiny frog
 10402 | Lair:1   | Reached skill level 10 in Fire Magic
 10918 | Lair:2   | Noticed a spiny frog
 10920 | Lair:2   | Reached skill level 12 in Spellcasting
 10920 | Lair:2   | Reached XP level 11. HP: 55/55 MP: 25/29
 11111 | Lair:2   | Offered knowledge of Sandblast by Vehumet.
 11117 | Lair:2   | Reached ** piety under Vehumet
 11360 | Lair:2   | Reached skill level 10 in Conjurations
 11681 | Lair:2   | Reached skill level 1 in Fighting
 11709 | Lair:2   | Reached skill level 5 in Dodging
 12007 | Lair:2   | Reached skill level 5 in Stealth
 12029 | Lair:2   | Noticed Gastronok
 12208 | Lair:2   | Killed Gastronok
 12208 | Lair:2   | Reached skill level 13 in Spellcasting
 12404 | Lair:2   | Found a staircase to the Swamp.
 12570 | Lair:2   | Found a staircase to the Snake Pit.
 13305 | Lair:3   | Reached XP level 12. HP: 60/60 MP: 31/31
 13443 | Lair:3   | Slain by a blink frog

Vault maps used:
D:1:      dpeg_arrival_concentric_ovals
D:2:      cheibrodos_helix_gallery, first_ration, minmay_tiny_reverse_x
D:3:      yredelemnul_altar_generic, uniq_ijyb
D:4:      serial_shops, kennysheep_mini_moat
D:5:      cheibrodos_sewer_entry_drain, grunt_decor_arrowhead
D:6:      temple_hall, grunt_gozag_breadcrumbs, uniq_grinder
D:7:      bloody_trog, grunt_temple_overflow_cloverleaf, serial_shops, shop,
          chei_slow_surprise, uniq_duvessa
D:8:      dpeg_lair_monsters, uniq_grum
Temple:   minmay_crystal_spiral_temple
Lair:2:   minmay_swamp_entry_worms, minmay_snake_entry_six_corridors,
          uniq_gastronok
Lair:3:   serial_bayou_shore_b
Sewer:    sewer_fruit_machine

Skill      XL: |  1  2  3  4  5  6  7  8  9 10 11 |
---------------+----------------------------------+-----
Fire Magic     | 4 5 6 7 8 10 11 | 11.6
Dodging        | 3 4 5 |  5.3
Spellcasting   | 4 5 7 8 10 12 13 | 13.7
Conjurations   | 2 3 4 6 7 9 11 | 11.2
Shields        | 1 2 3 4 |  4.8
Stealth        | 3 4 5 |  5.1
Fighting       | 1 |  1.0

Action                   |  1- 3 |  4- 6 |  7- 9 | 10-12 || total
-------------------------+-------+-------+-------+-------++-------
Melee: Dagger            |       |       |       |     1 ||     1
 Cast: Flame Tongue      |    72 |   123 |   179 |   130 ||   504
       Throw Flame       |     1 |    11 |    10 |    26 ||    48
       Sticky Flame      |       |     3 |    24 |    53 ||    80
       Conjure Flame     |       |       |     5 |     3 ||     8
       Fireball          |       |       |     5 |    26 ||    31
  Use: Scroll            |       |     8 |     2 |     5 ||    15
       Potion            |       |     1 |       |     1 ||     2
  Eat: Chunk             |     2 |    10 |    16 |    12 ||    40
       Ration            |       |       |       |     1 ||     1
Armor: Robe              |     8 |    10 |    11 |    18 ||    47
Dodge: Dodged            |    36 |    26 |    37 |    62 ||   161
Block: Buckler           |       |     7 |    16 |    24 ||    47

Table legend:
 A = Spawn XP
 B = Non-spawn XP
 C = Spawn XP percentage of total XP
 D = Spawn monster count
 E = Non-spawn monster count
 F = Spawn count percentage of total count
 G = Total turns spent on level
                    A         B        C        D         E        F      G
               +---------+---------+-------+---------+---------+-------+---------
         Total |       0 |   22818 |   0.0 |       0 |     249 |   0.0 | 13443
               +---------+---------+-------+---------+---------+-------+---------
           D:1 |       0 |      30 |   0.0 |       0 |      14 |   0.0 |   934
           D:2 |       0 |      78 |   0.0 |       0 |      30 |   0.0 |   970
           D:3 |       0 |     207 |   0.0 |       0 |      21 |   0.0 |   832
           D:4 |       0 |     180 |   0.0 |       0 |      12 |   0.0 |   927
           D:5 |       0 |     755 |   0.0 |       0 |      22 |   0.0 |  1606
           D:6 |       0 |    1026 |   0.0 |       0 |      14 |   0.0 |  1006
           D:7 |       0 |    1323 |   0.0 |       0 |      16 |   0.0 |  1237
           D:8 |       0 |    4400 |   0.0 |       0 |      35 |   0.0 |  1362
        Lair:1 |       0 |    3549 |   0.0 |       0 |      17 |   0.0 |  1448
        Lair:2 |       0 |    9438 |   0.0 |       0 |      34 |   0.0 |  1621
        Lair:3 |       0 |    1756 |   0.0 |       0 |       8 |   0.0 |   368
         Sewer |       0 |      76 |   0.0 |       0 |      26 |   0.0 |  1016
               +---------+---------+-------+---------+---------+-------+---------
